 Dungeon Sprint DCSS version 0.27.1-33-g824d729ab1 (webtiles) character file.

Game seed: 4346093432884887897

961 Hipnos the Unseen (level 7, -24/32 HPs)
             Began as a Spriggan Enchanter on Nov 26, 2021.
             Was a Follower of Makhleb.
             Killed from afar by a ynoxinul (32 damage)
             ... with an iron shot
             ... summoned by a kobold demonologist
             ... in the Dungeon (Sprint I: "Red Sonja").
             The game lasted 00:02:10 (215 turns).

Hipnos the Unseen (Spriggan Enchanter)               Turns: 215, Time: 00:02:11

Health: -24/32     AC:  3    Str:  4    XL:     7   Next: 92%
Magic:  16/18      EV: 20    Int: 17    God:    Makhleb [*.....]
Gold:   436        SH:  0    Dex: 17    Spells: 8/20 levels left

rFire    . . .     SeeInvis +   a - +1 dagger
rCold    . . .     Faith    .   (shield restricted)
rNeg     . . .     Spirit   .   b - +0 robe
rPois    .         Reflect  .   (helmet restricted)
rElec    .         Harm     .   (no cloak)
rCorr    .         Rampage  .   (gloves unavailable)
Will     +....     NoTele   +   (boots unavailable)
Stlth    +++++++...             (no amulet)
HPRegen  0.10/turn              (no ring)
MPRegen  0.16/turn              (no ring)

@: very quick
A: very small, no large weapons, unfitting armour, see invisible, speed 3,
shaggy fur 1
a: Renounce Religion


You were in the Dungeon.
You worshipped Makhleb.
Makhleb was aware of your devotion.
You visited 1 branch You collected 436 gold pieces.

Inventory:

Hand Weapons
 a - a +1 dagger (weapon)
Armour
 b - a +0 robe (worn)
Scrolls
 h - a scroll of blinking
Potions
 c - a potion of curing
 d - a potion of heal wounds
 e - a potion of haste
 f - a potion of magic


   Skills:
 + Level 0.9 Fighting
 + Level 3.5 Short Blades
 + Level 6.4 Dodging
 * Level 18.3 Stealth
 + Level 7.4 Spellcasting
 + Level 10.6 Hexes
 + Level 1.2 Ice Magic


You had 8 spell levels left.
You knew the following spells:

 Your Spells              Type           Power      Damage    Failure   Level
a - Corona                Hex            46%        N/A       1%          1
b - Ensorcelled Hibernat  Hex/Ice        52%        N/A       1%          2
c - Confusing Touch       Hex            42%        N/A       1%          3
d - Tukima's Dance        Hex            42%        N/A       1%          3
e - Dazzling Flash        Conj/Hex       48%        N/A       3%          3

Your spell library contained the following spells:

 Spells                   Type           Power      Damage    Failure   Level


Dungeon Overview and Level Annotations

Branches:
Dungeon (1/1)

Altars:
Cheibriados
Dithmenos
Elyvilon
Fedhas
Gozag
Hepliaklqana
Kikubaaqudgha
Makhleb
Nemelex Xobeh
Okawaru
Qazlal
Ru
Sif Muna
Trog
Uskayaw
Vehumet
Wu Jian
Xom
Yredelemnul
Zin
The Shining One
Jiyva
Lugonu

Shops:
D :


Innate Abilities, Weirdness & Mutations

You are very small and have problems with some larger weapons.
You are too small for most types of armour.
You have supernaturally acute eyesight. (SInv)
You cover ground extremely quickly. (Speed+++)
You are covered in fur. (AC +1)


Message History

Your Stealth skill increases to level 18!
Your Ice Magic skill increases to level 1!
Unknown command.
Casting: Ensorcelled Hibernation (safe; 1% risk of failure)
Confirm with . or Enter, or press ? or * to list all spells.
Aiming: Ensorcelled Hibernation (safe; 1% risk of failure)
Press: ? - help, Shift-Dir - straight line, f - kobold demonologist
Aim: a kobold demonologist, wielding a +0 dagger and wearing a +0 robe (chance to affect: 37%)
The kobold demonologist easily resists.
The ynoxinul gestures.
The kobold demonologist hits you with a +0 dagger.
Casting: Ensorcelled Hibernation (safe; 1% risk of failure)
Confirm with . or Enter, or press ? or * to list all spells.
Aiming: Ensorcelled Hibernation (safe; 1% risk of failure)
Press: ? - help, Shift-Dir - straight line, f/p - kobold demonologist
Aim: a kobold demonologist, wielding a +0 dagger and wearing a +0 robe (chance to affect: 37%)
The kobold demonologist easily resists.
The ufetubus misses you. The ufetubus completely misses you.
The kobold demonologist gestures wildly while chanting.
Casting: Ensorcelled Hibernation (safe; 1% risk of failure)
Confirm with . or Enter, or press ? or * to list all spells.
You don't have enough magic to cast this spell.
Unknown command.
Magic courses through your body. The ufetubus closely misses you.
The ufetubus misses you. The ynoxinul closely misses you.
The ufetubus completely misses you. The ufetubus barely misses you.
The kobold demonologist hits you with a +0 dagger.
The ufetubus misses you. The ufetubus barely misses you.
Casting: Ensorcelled Hibernation (safe; 1% risk of failure)
Confirm with . or Enter, or press ? or * to list all spells.
Aiming: Ensorcelled Hibernation (safe; 1% risk of failure)
Press: ? - help, Shift-Dir - straight line, f/p - kobold demonologist
Aim: a kobold demonologist, wielding a +0 dagger and wearing a +0 robe (chance to affect: 37%)
The kobold demonologist easily resists.
The ufetubus hits you.
* * * LOW HITPOINT WARNING * * *
The ufetubus closely misses you. The ynoxinul gestures at you.
The iron shot hits you!!
Ouch! That really hurt!
You die...

####################
'..#.)'..#__#..5@5.#
#.)'..#..'..'..#K3.#
##'#####'#__####35.+
#..#...#.#### #####
####..##.#
___##'#_.+
∩...'..._#
.__##_.#'#
___###+#[#


You could see a soul eater (summoned), a kobold demonologist, a ynoxinul
(summoned) and 3 ufetubi.

Vanquished Creatures
  A kobold demonologist (D)
  A slime creature (D)
  Sigmund (D)
  A yak (D)
  A floating eye (D)
  An ogre (D)
  A jelly (D)
  Ijyb (D)
8 creatures vanquished.

Notes
Turn   | Place    | Note
-------+----------+-------------------------------------------
     0 | D        | Hipnos the Spriggan Enchanter began the quest for the Orb.
     0 | D        | Reached XP level 1. HP: 9/9 MP: 5/5
     1 | D        | Noticed Ijyb
    11 | D        | Killed Ijyb
    12 | D        | Reached skill level 7 in Stealth
    12 | D        | Reached skill level 5 in Hexes
    12 | D        | Reached XP level 2. HP: 13/13 MP: 4/7
    35 | D        | Learned a level 2 spell: Ensorcelled Hibernation
    54 | D        | Noticed an ogre
    57 | D        | Killed an ogre
    58 | D        | Reached skill level 10 in Stealth
    58 | D        | Reached XP level 3. HP: 16/16 MP: 8/10
    58 | D        | Reached XP level 4. HP: 21/21 MP: 8/11
    85 | D        | Noticed Sigmund
    88 | D        | Killed Sigmund
    89 | D        | Reached skill level 5 in Dodging
    89 | D        | Reached skill level 13 in Stealth
    89 | D        | Reached skill level 5 in Spellcasting
    89 | D        | Reached XP level 5. HP: 24/24 MP: 12/14
    94 | D        | Learned a level 3 spell: Confusing Touch
    98 | D        | Learned a level 3 spell: Tukima's Dance
   102 | D        | Learned a level 3 spell: Dazzling Flash
   113 | D        | Found an ornate altar of the Wu Jian Council.
   113 | D        | Found a shimmering blue altar of Sif Muna.
   115 | D        | Found a radiant altar of Vehumet.
   120 | D        | Reached XP level 6. HP: 28/28 MP: 15/15
   127 | D        | Found a burning altar of Makhleb.
   127 | D        | Found a viscous altar of Jiyva.
   127 | D        | Found a shimmering altar of Xom.
   127 | D        | Found a corrupted altar of Lugonu.
   127 | D        | Noticed a slime creature
   134 | D        | Killed a slime creature
   135 | D        | Reached skill level 15 in Stealth
   138 | D        | Became a worshipper of Makhleb the Destroyer
   147 | D        | Found Neavvama's Book Emporium.
   147 | D        | Found an ancient bone altar of Kikubaaqudgha.
   147 | D        | Found a hazy altar of Hepliaklqana.
   147 | D        | Found a stormy altar of Qazlal.
   147 | D        | Found a hide-covered altar of Uskayaw.
   147 | D        | Found a blossoming altar of Fedhas.
   147 | D        | Found a bloodstained altar of Trog.
   147 | D        | Found an iron altar of Okawaru.
   147 | D        | Found a basalt altar of Yredelemnul.
   147 | D        | Found a glowing golden altar of the Shining One.
   147 | D        | Found a snail-covered altar of Cheibriados.
   147 | D        | Found a sacrificial altar of Ru.
   147 | D        | Found a glowing silver altar of Zin.
   147 | D        | Found a shadowy altar of Dithmenos.
   147 | D        | Found a white marble altar of Elyvilon.
   147 | D        | Noticed a yak
   148 | D        | Found an opulent altar of Gozag.
   149 | D        | Killed a yak
   150 | D        | Reached skill level 16 in Stealth
   150 | D        | Reached skill level 10 in Hexes
   150 | D        | Reached XP level 7. HP: 32/32 MP: 15/18
   150 | D        | Found a sparkling altar of Nemelex Xobeh.
   199 | D        | Noticed a kobold demonologist
   200 | D        | Noticed a kobold demonologist
   205 | D        | Reached skill level 17 in Stealth
   206 | D        | Noticed a neqoxec
   208 | D        | Gained mutation: You are covered in fur. (AC +1) [a
                  | neqoxec]
   211 | D        | Noticed a ynoxinul
   211 | D        | Killed a kobold demonologist
   211 | D        | Reached * piety under Makhleb
   212 | D        | Reached skill level 18 in Stealth
   212 | D        | Reached skill level 1 in Ice Magic
   214 | D        | Noticed a soul eater
   215 | D        | Killed from afar by a ynoxinul

Illustrated notes

Levels and vault maps discovered:
D:        dungeon_sprint_1 [red_sonja_temple_1, red_sonja_temple_small_1]

Skill      XL: |  1  2  3  4  5  6  7 |
---------------+----------------------+-----
Dodging        | 3 4 5 6 |  6.4
Stealth        | 7 10 13 16 18 | 18.3
Spellcasting   | 3 4 5 6 7 |  7.4
Hexes          | 5 6 8 10 | 10.6
Short Blades   | 2 3 |  3.5
Ice Magic      | 1 |  1.2
Fighting       | |  0.9

Action                   |  1- 3 |  4- 6 |  7- 9 || total
-------------------------+-------+-------+-------++-------
Melee: Dagger            |     9 |     4 |     3 ||    16
 Cast: Corona            |     1 |       |       ||     1
       Ensorcelled Hiber |       |     1 |    10 ||    11
  Use: Potion            |     1 |       |     1 ||     2
 Stab: Sleeping          |     1 |     4 |     2 ||     7
Armor: Robe              |       |       |     1 ||     1
Dodge: Dodged            |     5 |       |    20 ||    25
